 Dungeon Crawl Stone Soup version 0.30.0-29-ga12c61a403 (webtiles) character file.

Game seed: 12774681127711828310

113 qw the Chopper (level 4, -3/30 HPs)
             Began as a Gargoyle Fighter on June 5, 2023.
             Slain by Grinder (7 damage)
             ... on level 3 of the Dungeon.
             The game lasted 00:00:57 (1794 turns).

qw the Chopper (Gargoyle Fighter)                   Turns: 1794, Time: 00:00:57

Health: -3/30      AC: 15    Str: 22    XL:     4   Next: 96%
Magic:  4/4        EV:  6    Int:  8    God:
Gold:   95         SH:  4    Dex:  9    Spells: 3/3 levels left

rFire   . . .        Y - +0 war axe
rCold   . . .        c - +0 buckler
rNeg    + . .        j - +0 plate armour
rPois   inf          (no helmet)
rElec   +            (no cloak)
rCorr   .            (no gloves)
SInv    .            (no boots)
Will    .....        (no amulet) Stlth
                     (no ring)
HPRegen 0.25/turn    (no ring)
MPRegen 0.09/turn

%: no passive effects
@: about to teleport
A: sickness immunity, AC +3, negative energy resistance 1, electricity
resistance, torment resistance 1, petrification resistance, high MP 1, robust 1,
evolution 1
a: no special abilities


You were on level 3 of the Dungeon.
You visited 1 branch of the dungeon, and saw 3 of its levels.

You collected 95 gold pieces.


Innate Abilities, Weirdness & Mutations

You are immune to sickness and miasma.
Your stone body is resilient. (AC +3)
You are immune to poison.
You resist negative energy. (rN+)
You are resistant to electric shocks. (rElec)
You are resistant to unholy torment.
You are immune to petrification.
You have an increased reservoir of magic. (+10% MP)
You are robust. (+10% HP)
You have hidden genetic potential.


   Skills:
 - Level 3.2 Fighting
 + Level 4.5 Axes
 - Level 3.2 Armour
 - Level 3.2 Shields


You had 3 spell levels left.
You didn't know any spells.
Your spell library was empty.

Inventory:

Hand Weapons
 k - a +1 vampiric whip
 Y - a +0 war axe (weapon)
Armour
 c - a +0 buckler (worn)
 j - a +0 plate armour (worn)
Scrolls
 b - a scroll of fog {unknown}
 i - a scroll of teleportation
Potions
 a - 3 potions of curing
 d - a potion of might
 g - a potion of mutation

Dungeon Overview and Level Annotations

Branches:
Dungeon (3/15)

Altars:
Cheibriados
Nemelex Xobeh
Qazlal
Trog
Vehumet
Xom

Shops:
D:1 ?(

Annotations:
D:3 Grinder


Message History

The gnoll hits you from afar with a +0 spear.
You barely miss the gnoll. The gnoll barely misses you.
The gnoll closely misses you.
The gnoll hits you but does no damage. x2
You hit the gnoll.
The gnoll is moderately wounded.
You block the gnoll's attack.
The gnoll hits you from afar with a +0 spear.
You hit the gnoll.
The gnoll is heavily wounded.
The gnoll barely misses you. You block the gnoll's attack.
You slash the gnoll!
You kill the gnoll!
The gnoll hits you but does no damage.
Found a leather armour.
The gnoll hits you with a +0 spear.
1786 ||| READING 3 scrolls of teleportation.
As you read the scroll of teleportation, it crumbles to dust.
You feel strangely unstable. You block the gnoll's attack.
You closely miss the gnoll. The gnoll hits you but does no damage.
You block the gnoll's attack.
You slash the gnoll!
The gnoll is severely wounded.
You block the gnoll's attack.
You hit the gnoll.
The gnoll is almost dead.
Your surroundings suddenly seem different.
Found 9 gold pieces.
Grinder shouts!
Grinder gestures at you.
You suddenly lose the ability to move!
Grinder hits you but does no damage. Grinder hits you.
You writhe in agony.
You can move again.
1794 ||| READING 2 scrolls of teleportation.
As you read the scroll of teleportation, it crumbles to dust.
You feel strangely unstable. Grinder hits you!
You die...

##.........
#...######
#...#####..
##.<......#
#####.....
######......
#......# ...
#.....#
#..@^.#
#..5..#
#........
#...$.##...
#.....# ..
#.....# .
#######


You could see Grinder.

Vanquished Creatures
  Jessica (D:2)
  3 gnolls (D:3)
  An adder (D:2)
  2 dart slugs (D:2)
  An orc (D:3)
  3 endoplasms
  2 giant cockroaches
  4 goblins (D:1)
  7 hobgoblins
  2 quokkas (D:1)
  3 ball pythons (D:1)
  3 bats (D:1)
  4 frilled lizards
  6 kobolds
  2 rats (D:1)
44 creatures vanquished.

Notes
Turn   | Place    | Note
-------+----------+-------------------------------------------
     0 | D:1      | qw the Gargoyle Fighter began the quest for the Orb.
     0 | D:1      | Reached XP level 1. HP: 14/14 MP: 1/1
     0 | D:1      | 0 ||| qw: Version: 0.2-a-108-gee2c290
     0 | D:1      | 0 ||| qw: Game counter: 1339
     0 | D:1      | 0 ||| qw: Always use a shield: true
     0 | D:1      | 0 ||| qw: God list: Okawaru
     0 | D:1      | 0 ||| qw: Allow faded altars: false
     0 | D:1      | 0 ||| qw: Do Orc after D:15 true
     0 | D:1      | 0 ||| qw: Do second Lair branch before Depths: true
     0 | D:1      | 0 ||| qw: Lair rune preference: random
     0 | D:1      | 0 ||| qw: Plans: Normal, Zot:1-4, Slime:5, God:TSO, Crypt,
                  | Tomb, Abyss, Pan, Hells, Win
     0 | D:1      | 0 ||| PLANNING D:1-11
    34 | D:1      | 34 ||| READING scroll labelled HACROUPIARO.
    48 | D:1      | Reached skill level 2 in Axes
    90 | D:1      | Found a faded altar of an unknown god.
    94 | D:1      | 94 ||| Stepping ~*~*~tactically~*~*~ (stealth).
   100 | D:1      | 100 ||| Stepping ~*~*~tactically~*~*~ (stealth).
   101 | D:1      | 101 ||| Stepping ~*~*~tactically~*~*~ (stealth).
   108 | D:1      | Reached XP level 2. HP: 19/19 MP: 2/2
   178 | D:1      | 178 ||| Stepping ~*~*~tactically~*~*~ (stealth).
   180 | D:1      | 180 ||| Stepping ~*~*~tactically~*~*~ (stealth).
   188 | D:1      | 188 ||| Stepping ~*~*~tactically~*~*~ (stealth).
   423 | D:1      | Reached skill level 3 in Axes
   433 | D:1      | Reached XP level 3. HP: 23/23 MP: 3/3
   604 | D:1      | Found Ankan's Magic Scroll Shop.
   612 | D:1      | 612 ||| SHOPLISTING scroll of brand weapon (95 gold, have
                  | 16).
   612 | D:1      | 612 ||| SHOPLISTING scroll of enchant armour (75 gold, have
                  | 16).
   612 | D:1      | 612 ||| SHOPLISTING scroll of identify (20 gold, have 16).
   612 | D:1      | 612 ||| SHOPLISTING scroll of teleportation (30 gold, have
                  | 16).
   677 | D:1      | Found Guwiypuz's Weapon Boutique.
   817 | D:1      | 817 ||| DROPPING ring of wizardry.
   818 | D:1      | 818 ||| READING scroll labelled BOUXUT DAUFFACOI.
   819 | D:1      | 819 ||| READING scroll labelled HOISIC SAUGI.
   820 | D:1      | 820 ||| DRINKING 2 clear potions.
   926 | D:2      | Noticed Jessica
   929 | D:2      | 929 ||| Stepping ~*~*~tactically~*~*~ (hiding).
   930 | D:2      | 930 ||| Stepping ~*~*~tactically~*~*~ (hiding).
   932 | D:2      | 932 ||| Stepping ~*~*~tactically~*~*~ (hiding).
   941 | D:2      | Killed Jessica
   942 | D:2      | Reached XP level 4. HP: 25/28 MP: 4/4
  1229 | D:2      | 1229 ||| DROPPING +0 whip.
  1426 | D:2      | Reached skill level 4 in Axes
  1606 | D:2      | 1606 ||| UPGRADING to +0 plate armour.
  1616 | D:2      | 1616 ||| DROPPING +0 scale mail.
  1617 | D:2      | 1617 ||| READING scroll labelled IMOZUS TAJA.
  1618 | D:2      | 1618 ||| READING 5 scrolls labelled ETOAMU QEGE.
  1621 | D:2      | 1621 ||| DRINKING 2 ruby potions.
  1621 | D:2      | Gained mutation: You have an increased reservoir of magic.
                  | (+10% MP) [potion of mutation]
  1621 | D:2      | Gained mutation: You are robust. (+10% HP) [potion of
                  | mutation]
  1621 | D:2      | Gained mutation: You have hidden genetic potential. [potion
                  | of mutation]
  1626 | D:2      | 1626 ||| DROPPING potion of brilliance.
  1649 | D:3      | Noticed Grinder
  1650 | D:3      | 1650 ||| Stepping ~*~*~tactically~*~*~ (hiding).
  1652 | D:3      | 1652 ||| Stepping ~*~*~tactically~*~*~ (hiding).
  1658 | D:3      | HP: 6/30 [Grinder (2)]
  1659 | D:3      | 1659 ||| READING 4 scrolls of teleportation.
  1661 | D:3      | Found a radiant altar of Vehumet.
  1661 | D:3      | Found a shimmering altar of Xom.
  1661 | D:3      | Found a snail-covered altar of Cheibriados.
  1769 | D:3      | Found a sparkling altar of Nemelex Xobeh.
  1769 | D:3      | Found a bloodstained altar of Trog.
  1773 | D:3      | 1773 ||| Stepping ~*~*~tactically~*~*~ (stealth).
  1774 | D:3      | 1774 ||| Stepping ~*~*~tactically~*~*~ (stealth).
  1780 | D:3      | Found a stormy altar of Qazlal.
  1785 | D:3      | HP: 5/30 [gnoll/+0 spear (5)]
  1786 | D:3      | 1786 ||| READING 3 scrolls of teleportation.
  1789 | D:3      | Paralysed by Grinder for 5 turns
  1793 | D:3      | HP: 6/30 [Grinder (2)]
  1794 | D:3      | 1794 ||| READING 2 scrolls of teleportation.
  1794 | D:3      | Slain by Grinder

Levels and vault maps discovered:
D:1:      zelgadis_glass_arrival_large, layout_loops_ring, serial_shops,
          nicolae_shop_getting_attention, nicolae_shop_bloodbath_and_beyond,
          hellmonk_ecumenical_altar_lost_god
D:2:      layout_basic, uniq_jessica
D:3:      layout_rooms, lemuel_zombie_altar_kikubaaqudgha,
          nicolae_overflow_hallway_of_the_gods, gammafunk_ghost_abyssal_escape,
          uniq_grinder

Skill      XL: |  1  2  3  4 |
---------------+-------------+-----
Axes           | 2 3 4 |  4.5
Fighting       | |  3.2
Armour         | |  3.2
Shields        | |  3.2

Action                     |  1- 3 |  4- 6 || total
---------------------------+-------+-------++-------
  Melee: War axe           |    87 |    45 ||   132
    Use: Scroll            |     3 |     5 ||     8
         Potion            |     1 |     1 ||     2
 Armour: Scale mail        |    38 |     9 ||    47
         Plate armour      |       |    14 ||    14
  Dodge: Dodged            |    31 |    15 ||    46
  Block: Buckler           |    19 |    11 ||    30

Table legend:
 A = Non-vault XP
 B = Vault XP
 C = Vault XP percentage of total XP
 D = Non-vault monster count
 E = Vault monster count
 F = Vault count percentage of total count
                 A         B        C        D         E       F
            +---------+---------+-------+---------+---------+-------
      Total |     125 |      37 |  22.8 |      43 |       1 |   2.3
            +---------+---------+-------+---------+---------+-------
        D:1 |      45 |       0 |   0.0 |      29 |       0 |   0.0
        D:2 |      34 |      37 |  52.1 |      10 |       1 |   9.1
        D:3 |      46 |       0 |   0.0 |       4 |       0 |   0.0
            +---------+---------+-------+---------+---------+-------
